 Dungeon Crawl Stone Soup version 0.19.1 (webtiles) character file.

49 RKaid the Ruffian (level 3, 0/36 HPs)
             Began as a Troll Berserker on Dec 19, 2016.
             Was a Believer of Trog.
             Succumbed to a goblin's poison
             ... on level 2 of the Dungeon.
             The game lasted 00:01:16 (1065 turns).

RKaid the Ruffian (Troll Berserker)                 Turns: 1065, Time: 00:01:16

Health: 0/36       AC:  5    Str: 25    XL:     3   Next: 53%
Magic:  2/2        EV: 10    Int:  3    God:    Trog [**....]
Gold:   82         SH:  0    Dex: 10    Spells: 0 memorised, 2 levels left

rFire  . . .     SeeInvis .       - Unarmed
rCold  . . .     Gourm    +     a - +0 animal skin
rNeg   . . .     Faith    .     (no shield)
rPois  .         Spirit   .     (helmet restricted)
rElec  .         Reflect  .     (no cloak)
rCorr  .         Harm     .     (gloves unavailable)
MR     .....                    (boots unavailable)
Stlth  +.........               (no amulet)
                                (no ring)
                                (no ring)

@: lethally poisoned (0 -> -15)
A: unfitting armour, claws 3, fast metabolism 3, gourmand, regeneration 1,
shaggy fur 1, tough skin 2
a: Berserk, Trog's Hand, Burn Spellbooks, Renounce Religion


You were on level 2 of the Dungeon.
You worshipped Trog.
Trog was pleased with you.
You were completely stuffed.

You visited 1 branch of the dungeon, and saw 2 of its levels.

You collected 82 gold pieces.

Inventory:

Armour
 a - a +0 animal skin (worn)
 g - a +0 cloak
   (You found it on level 1 of the Dungeon)
Jewellery
 l - an uncursed amulet of the gourmand {unknown}
   (You found it on level 2 of the Dungeon)
Scrolls
 c - 4 scrolls of remove curse {unknown}
 e - a scroll of noise {unknown}
 n - a scroll of blinking {unknown}
Potions
 f - 2 potions of agility {unknown}
 h - 2 potions of curing {unknown}
 j - a potion of haste {unknown}
 m - 2 potions of cure mutation {unknown}
Comestibles
 b - 2 bread rations
 d - a royal jelly
 i - a beef jerky
 k - a meat ration
 o - a chunk of flesh


   Skills:
 + Level 2.8 Fighting
 - Level 2.4 Dodging
 * Level 4.2 Unarmed Combat


You had 2 spell levels left.
You didn't know any spells.

Dungeon Overview and Level Annotations

Branches:
Dungeon (2/15)

Altars:


Innate Abilities, Weirdness & Mutations

You are too large for most types of armour.
You have claws for hands.
Your metabolism is lightning-fast.
You like to eat raw meat.
Your natural rate of healing is unusually fast.
You are covered in fur. (AC +1)
You have very tough skin. (AC +2)


Message History

This raw flesh tastes great.
Things that are here:
an uncursed hunting sling; 25 stones; a goblin corpse You butcher the goblin corpse.
o - a chunk of flesh
Things that are here:
an uncursed hunting sling; 25 stones
Things that are here:
an uncursed hunting sling; 25 stones Eating a chunk of flesh.
You start eating the chunk of flesh.
This raw flesh tastes great.
You see here 2 stones.
You see here a stone.
You butcher the bat corpse.
o - a chunk of flesh You see here a stone. 2 goblins come into view.
A goblin is wielding a dagger of venom.
There are monsters nearby!
There are monsters nearby!
There are monsters nearby!
There are monsters nearby!
A goblin comes into view.
A goblin comes into view. It is wielding a dagger.
The goblin shouts! x4
A goblin comes into view. It is wielding a dagger.
A goblin comes into view.
The goblin moves out of view.
A goblin comes into view.
A goblin comes into view. It is wielding a dagger.
The goblin shouts! x2; You hear a shout! x6
The goblin moves out of view.
The goblin barely misses you.
A goblin, a hobgoblin and Robin come into view.
Robin is wielding an antimagic whip.
You claw the goblin!
You kill the goblin!
Trog accepts your kill.
You can now call upon Trog for regeneration and protection from hostile enchantments.
Robin roars a battlecry!
The goblins go into a battle-frenzy!
You hear an angry hiss.
You closely miss the goblin. The goblin barely misses you.
The goblin closely misses you. x2
You claw the goblin!
You kill the goblin!
Trog accepts your kill. The goblin hits you. The goblin closely misses you.
You scratch Robin. Robin throws the goblin at you!
The goblin barely misses you. The goblin closely misses you.
A goblin comes into view. It is wielding a club.
You claw Robin! The goblin hits you with a dagger.
Robin throws the goblin at you! The goblin hits you. x2
The goblin moves out of view.
You barely miss Robin. You claw Robin.
You kill Robin!
Trog accepts your kill. The goblin hits you but does no damage.
The hobgoblin barely misses you.
The goblin hits you with a dagger of venom.
You are poisoned.
The goblin hits you but does no damage. The goblin misses you.
You barely miss the hobgoblin.
You feel sick. The goblin closely misses you.
The goblin hits you but does no damage.
You are more poisoned.
The hobgoblin closely misses you. The goblin closely misses you.
The goblin hits you but does no damage.
A goblin comes into view. It is wielding a dagger of speed.
You claw the hobgoblin!
You kill the hobgoblin!
Trog accepts your kill.
You feel sick.
The goblin moves out of view.
The goblin hits you but does no damage.
The goblin hits you with a dagger of venom.
You are more poisoned.
The goblin hits you but does no damage. The goblin hits you.
You are too injured to fight recklessly!
You are too injured to fight recklessly!
You are too injured to fight recklessly!
You are too injured to fight recklessly!
You are too injured to fight recklessly!
You are too injured to fight recklessly!
You are too injured to fight recklessly!
You are too injured to fight recklessly!
You are too injured to fight recklessly!
You are too injured to fight recklessly!
You are too injured to fight recklessly!
You are too injured to fight recklessly!
Unknown command.
You feel sick. The goblin hits you with a dagger. The goblin barely misses you.
The goblin hits you.
* * * LOW HITPOINT WARNING * * *
The goblin barely misses you.
* * * LOW HITPOINT WARNING * * *
You feel sick.
* * * LOW HITPOINT WARNING * * *
You feel sick.
The goblin hits you with a dagger of venom.
* * * LOW HITPOINT WARNING * * *
You are more poisoned.
* * * LOW HITPOINT WARNING * * *
You feel very sick.
You die...

.......####....
.............
........))g#
..........#
...$....gg##+##
####..ggg....#
#..ggg....# .
#.......=.#.#.
##...@###+#...
#########...........#
#......##............
#......##............
#....(.##..).........
#.......#.........<.#
##....).#......###..#
+....(.#......####.#
#......#...........##


You could see 9 goblins.

Vanquished Creatures
  Robin (D:2)
  2 dart slugs (D:1)
  2 leopard geckos
  6 bats
  A giant cockroach (D:1)
  7 goblins
  6 hobgoblins
  A ball python (D:2)
  4 frilled lizards
  3 rats
33 creatures vanquished.

Notes
Turn   | Place    | Note
-------+----------+-------------------------------------------
     0 | D:1      | RKaid the Troll Berserker began the quest for the Orb.
     0 | D:1      | Reached XP level 1. HP: 22/22 MP: 0/0
   404 | D:1      | Reached XP level 2. HP: 27/29 MP: 1/1
   949 | D:2      | Reached skill level 4 in Unarmed Combat
   949 | D:2      | Reached XP level 3. HP: 36/36 MP: 2/2
  1053 | D:2      | Noticed Robin
  1053 | D:2      | Reached ** piety under Trog
  1058 | D:2      | Killed Robin
  1061 | D:2      | HP: 9/36 [goblin[Robin] (2)]
  1063 | D:2      | HP: 4/36 [goblin/dagger of venom[Robin] (3)]
  1065 | D:2      | Succumbed to a goblin's poison

Skill      XL: |  1  2 |
---------------+-------+-----
Unarmed Combat | 4 |  4.2
Fighting       | |  2.8
Dodging        | |  2.4

Action                   || total
-------------------------++-------
Melee: Unarmed           ||    81
       Punch             ||     1
 Stab: Sleeping          ||     1
  Eat: Chunk             ||    15
Armor: Animal skin       ||    36
Dodge: Dodged            ||    56

Vault maps used:
D:1:      dpeg_arrival_central
D:2:      uniq_robin

Table legend:
 A = Turns spent in this place as a percentage of turns spent in the entire game.
 B = Non-inter-level travel turns spent in this place as a percentage of non-inter-level travel turns spent in the entire game.
 C = Inter-level travel turns spent in this place as a percentage of turns spent in this place.
 D = Turns resting spent in this place as a percentage of non-inter-level travel turns spent in this place.
 E = Turns spent auto-exploring this place as a percentage of non-inter-level travel turns spent in this place.
 F = Non-inter-level travel turns spent in this place divided by the number of levels of this place that you've seen.
                   A       B       C       D       E      F
               +-------+-------+-------+-------+-------+----------------------
         Total | 100.0 | 100.0 |   0.3 |   0.0 |  14.0 | 168.0
       Dungeon | 100.0 | 100.0 |   0.3 |   0.0 |  14.0 | 168.0
               +-------+-------+-------+-------+-------+----------------------

Table legend:
 A = Kills in this place as a percentage of kills in entire the game.
 B = Kills by you in this place as a percentage of kills by you in the entire game.
 C = Kills by friends in this place as a percentage of kills by friends in the entire game.
 D = Other kills in this place as a percentage of other kills in the entire game.
 E = Experience gained in this place as a percentage of experience gained in the entire game.
 F = Experience gained in this place divided by the number of levels of this place that you have seen.
                   A       B       C       D       E      F
               +-------+-------+-------+-------+-------+----------------------
         Total | 100.0 | 100.0 |  -nan |  -nan | 100.0 |  35.5
       Dungeon | 100.0 | 100.0 |  -nan |  -nan | 100.0 |  35.5
               +-------+-------+-------+-------+-------+----------------------
